 Dungeon Crawl Stone Soup version 0.19.0-19-g8c6edcc (webtiles) character file.

7299 Jannitor the Grappler (level 10, -4/81 HPs)
             Began as a Troll Chaos Knight on Nov 14, 2016.
             Slain by a minotaur
             ... wielding a +7 rod of inaccuracy (2/11)
              (6 damage)
             ... in a labyrinth.
             The game lasted 00:19:11 (7101 turns).

Jannitor the Grappler (Troll Chaos Knight)          Turns: 7101, Time: 00:19:12

Health: -4/81      AC: 14    Str: 22    XL:     10   Next: 90%
Magic:  9/9        EV: 10    Int:  8    God:    Xom [*.....]
Gold:   373        SH:  0    Dex: 12    Spells: 0 memorised, 9 levels left

rFire  . . .     SeeInvis .       - Unarmed
rCold  . . .     Gourm    +     q - +0 swamp dragon scales
rNeg   . . .     Faith    .     (no shield)
rPois  +         Spirit   .     d - +2 hat
rElec  .         Reflect  .     (no cloak)
rCorr  .         Harm     .     (gloves unavailable)
MR     +....                    (boots unavailable)
Stlth  +.........               (no amulet)
                                w - ring of protection from magic
                                g - ring of poison resistance

@: no status effects
A: unfitting armour, beak, claws 3, fast metabolism 3, frail 2, gourmand,
regeneration 1, shaggy fur 1, tough skin 2, subdued magic 1
a: Renounce Religion


You were in a labyrinth.
You worshipped Xom.
You were a special plaything of Xom.
You were full.

You visited 3 branches of the dungeon, and saw 11 of its levels.
You also visited: Labyrinth.

You collected 373 gold pieces.

Inventory:

Armour
 a - a +2 robe
 d - a +2 hat (worn)
 n - a +1 hat
 q - +0 swamp dragon scales (worn)
Rods
 x - a +5 rod of inaccuracy (10/10)
   (You found it in a labyrinth)
Jewellery
 g - a ring of poison resistance (left claw)
 v - an uncursed ring of stealth
 w - a ring of protection from magic (right claw)
Wands
 k - a wand of digging (9/24)
 y - a wand of acid (12/15)
Scrolls
 f - 2 scrolls of enchant weapon
 h - 3 scrolls of remove curse
 j - 2 scrolls of enchant armour {unknown}
 l - 2 scrolls of noise
 m - a scroll of teleportation
 o - a scroll of amnesia
 s - 4 scrolls of identify
 t - 2 scrolls of fog
Potions
 B - a potion of curing
Books
 e - a book of Cantrips

   Spells                             Type                      Level
   a - Confusing Touch                Hexes                        1
   b - Animate Skeleton               Necromancy                   1
   c - Summon Small Mammal            Summoning                    1
   d - Apportation                    Translocation                1
 r - a book of Conjurations

   Spells                             Type                      Level
   a - Magic Dart                     Conjuration                  1
   b - Searing Ray                    Conjuration                  2
   c - Dazzling Spray                 Conjuration/Hexes            3
   d - Fulminant Prism                Conjuration/Hexes            4
   e - Iskenderun's Mystic Blast      Conjuration                  4
   f - Iskenderun's Battlesphere      Conjuration/Charms           5
Comestibles
 b - 7 bread rations
 i - 4 meat rations
 p - 3 beef jerkies
 u - 9 slices of pizza


   Skills:
 + Level 7.3 Fighting
 + Level 6.5 Armour
 - Level 2.7 Dodging
 * Level 12.2 Unarmed Combat


You had 9 spell levels left.
You didn't know any spells.

Dungeon Overview and Level Annotations

Branches:
Dungeon (9/15)             Temple (1/1) D:6            Lair (1/6) D:9
    Orc: D:9-12

Altars:
Ashenzari
Cheibriados
Dithmenos
Elyvilon
Fedhas
Gozag
Hepliaklqana
Kikubaaqudgha
Makhleb
Nemelex Xobeh
Okawaru
Qazlal
Ru
Sif Muna
Trog
Uskayaw
Vehumet
Xom
Yredelemnul
Zin
The Shining One

Shops:
D:5 [


Innate Abilities, Weirdness & Mutations

You are too large for most types of armour.
You have claws for hands.
Your metabolism is lightning-fast.
You like to eat raw meat.
Your natural rate of healing is unusually fast.
You are covered in fur. (AC +1)
You have very tough skin. (AC +2)
You have a beak for a mouth.
You are very frail. (-20% HP)
Your spells are a little easier to cast, but a little less powerful.


Message History

The minotaur gores you!
* * * LOW HITPOINT WARNING * * *
Xom thinks this is hilarious!
The minotaur barely misses you.
The minotaur gores you but does no damage.
You feel much better.
The minotaur hits you with a rod of inaccuracy!!
* * * LOW HITPOINT WARNING * * *
A shower of butterflies erupts from you!
The minotaur gores you.
* * * LOW HITPOINT WARNING * * *
The minotaur hits you but does no damage.
The minotaur gores you.
* * * LOW HITPOINT WARNING * * *
Unknown command.
The minotaur hits you but does no damage.
The minotaur gores you but does no damage.
The minotaur barely misses you. The minotaur gores you.
You die...
Xom chortles!

... #.# .#
###.### ##
#...#.....#.. #
.#.........#
#...###§###...
###.#
#.§§..#.### .#
#.###b###..
#.###.#≈.Hb≈#..
#. ...#≈b@b≈#..
#.###.#≈≈b≈≈# ##
.#...#######...#
# ## ..... . ##
# .. #.#... . ..
.. # # #
###.#.#.## ##.#
# ..#.# . . .# #
### ####. .# # #
. . .. #


You could see a minotaur.

Vanquished Creatures
  The ghost of Aksej the Carver, a journeyman DsFi of Makhleb (Lab)
  The ghost of max the Fighter, a novice MiBe of Trog (D:7)
  Pikel (D:7)
  An elephant (D:9)
  A spiny frog (Lair:1)
  A red devil (D:4)
  Prince Ribbit (D:7)
  A human (D:7)
  4 hogs
  Menkaure (D:7)
  A warg (D:7)
  A porcupine (Lair:1)
  2 ice beasts
  5 orc warriors
  2 necrophages
  A phantom (D:4)
  A black bear (D:8)
  4 ogres
  2 centaurs (D:6)
  A crocodile (D:9)
  Blork the orc (D:4)
  3 bullfrogs
  A scorpion (D:7)
  5 wights
  6 killer bees (D:7)
  4 crimson imps
  A bullfrog zombie (D:3)
  A bullfrog skeleton (D:5)
  4 hounds
  4 centaur skeletons
  An orc priest (D:7)
  3 iguanas
  4 orc wizards
  Natasha (twice) (D:3)
  9 worker ants
  3 hound skeletons
  6 adders
  A howler monkey skeleton (D:5)
  3 shadow imps (D:5)
  An ooze (D:2)
  An adder zombie (D:5)
  3 worms
  A dart slug (D:1)
  7 leopard geckos
  22 orcs
  A ball python (D:2)
  6 giant cockroaches
  5 goblins
  7 hobgoblins
  3 jackals (D:3)
  2 quokkas
  A ball python skeleton (D:5)
  5 bats (D:1)
  6 frilled lizards
  3 kobolds
  2 quokka zombies
  7 rats
178 creatures vanquished.

Vanquished Creatures (collateral kills)
  3 orc wizards (D:6)
3 creatures vanquished.

Vanquished Creatures (others)
  A sky beast (D:7)
1 creature vanquished.

Grand Total: 182 creatures vanquished

Notes
Turn   | Place    | Note
-------+----------+-------------------------------------------
     0 | D:1      | Jannitor the Troll Chaos Knight began the quest for the Orb.
     0 | D:1      | Reached XP level 1. HP: 22/22 MP: 0/0
   187 | D:1      | XOM: silly message
   191 | D:1      | Reached XP level 2. HP: 29/29 MP: 1/1
   355 | D:1      | XOM: give mutations
   355 | D:1      | Gained mutation: You are clumsy. (Dex -2) [Xom's mischief]
   355 | D:1      | Gained mutation: You have a beak for a mouth. [Xom's mischief]
   355 | D:1      | Gained mutation: You have large cloven feet. [Xom's mischief]
   355 | D:1      | Gained mutation: You occasionally shout uncontrollably at your foes. [Xom's mischief]
   886 | D:2      | Reached XP level 3. HP: 33/36 MP: 2/2
   888 | D:2      | XOM: 1-stop teleportation journey
   892 | D:2      | Found a stormy altar of Qazlal.
   898 | D:2      | Noticed a water elemental
   899 | D:2      | Noticed an air elemental
   899 | D:2      | Noticed an earth elemental
   899 | D:2      | Noticed a fire elemental
  1451 | D:3      | Found a shadowy altar of Dithmenos.
  1457 | D:3      | Noticed Natasha
  1460 | D:3      | Killed Natasha
  1460 | D:3      | Reached skill level 4 in Unarmed Combat
  1460 | D:3      | Reached XP level 4. HP: 42/44 MP: 3/3
  1517 | D:3      | XOM: god gift: swamp dragon scales {god gift}
  1577 | D:3      | Noticed Natasha
  1577 | D:3      | XOM: scenery: create altars
  1584 | D:3      | XOM: divination: magic mapping
  1592 | D:3      | Killed Natasha
  1592 | D:3      | Reached XP level 5. HP: 53/53 MP: 4/4
  2011 | D:3      | XOM: scenery: create altars
  2012 | D:3      | XOM: scenery: create altars
  2179 | D:3      | XOM: fog
  2186 | D:3      | Reached skill level 5 in Unarmed Combat
  2269 | D:4      | XOM: noise
  2373 | D:4      | Noticed a phantom
  2380 | D:4      | XOM: destruction
  2383 | D:4      | Noticed Blork the orc
  2383 | D:4      | XOM: enchant monster (good)
  2394 | D:4      | Killed Blork the orc
  2394 | D:4      | Reached skill level 1 in Armour
  2394 | D:4      | Reached XP level 6. HP: 61/61 MP: 5/5
  2468 | D:4      | Noticed Grinder
  2468 | D:4      | Paralysed by Grinder for 7 turns
  2483 | D:4      | XOM: medium Erth miscast
  2485 | D:4      | Noticed Grinder
  2485 | D:4      | Grinder changed into Grinder the red devil
  2485 | D:4      | XOM: polymorph Grinder -> Grinder the red devil
  2503 | D:4      | XOM: silly message
  2533 | D:4      | Killed Grinder the red devil
  2533 | D:4      | Reached skill level 6 in Unarmed Combat
  2533 | D:4      | Reached XP level 7. HP: 49/68 MP: 6/6
  2696 | D:4      | XOM: confusion
  2739 | D:4      | XOM: summons 3 hostile demons
  3311 | D:5      | Entered Level 5 of the Dungeon
  3311 | D:5      | Found a shimmering altar of Xom.
  3322 | D:5      | Reached skill level 7 in Unarmed Combat
  3474 | D:5      | Noticed a hog
  3474 | D:5      | an ice beast changed into a hog
  3474 | D:5      | XOM: polymorph ice beast -> hog
  3475 | D:5      | XOM: noise
  3484 | D:5      | Killed a hog
  3484 | D:5      | Reached XP level 8. HP: 73/79 MP: 7/7
  3583 | D:5      | Found Tuju's Antique Armour Shop.
  3696 | D:5      | XOM: harmless Hex miscast
  3762 | D:6      | Reached skill level 8 in Unarmed Combat
  4057 | D:6      | XOM: confusion
  4061 | D:6      | XOM: summons 3 friendly demons
  4115 | D:6      | XOM: severe Divn miscast
  4182 | D:6      | Found a staircase to the Ecumenical Temple.
  4195 | Temple   | Entered the Ecumenical Temple
  4324 | D:6      | XOM: enchant monster (bad)
  4325 | D:6      | XOM: medium Conj miscast
  4328 | D:6      | Reached skill level 5 in Fighting
  4380 | D:6      | XOM: harmless Tloc miscast
  4450 | D:6      | Found a bloodstained altar of Trog.
  4555 | D:7      | Reached skill level 9 in Unarmed Combat
  4597 | D:7      | Noticed Prince Ribbit
  4607 | D:7      | Killed Prince Ribbit
  4607 | D:7      | Reached XP level 9. HP: 76/88 MP: 8/8
  4637 | D:7      | XOM: god gift: 40 gold pieces
  4812 | D:7      | XOM: divination: detect items
  4870 | D:7      | Noticed max's ghost (novice MiBe)
  4889 | D:7      | Killed max's ghost
  4889 | D:7      | Reached skill level 5 in Armour
  4889 | D:7      | Reached skill level 10 in Unarmed Combat
  4950 | D:7      | XOM: polymorph killer bee -> worker ant
  5028 | D:7      | Noticed Pikel
  5037 | D:7      | XOM: blink monster(s)
  5044 | D:7      | XOM: harmless Ice miscast
  5045 | D:7      | Killed Pikel
  5093 | D:7      | Gained mutation: You are covered in thick fur. (AC +2) [mutagenic meat]
  5094 | D:7      | Gained mutation: Your spells are a little easier to cast, but a little less powerful. [mutagenic meat]
  5096 | D:7      | Gained mutation: You are very clumsy. (Dex -4) [mutagenic meat]
  5164 | D:7      | XOM: swap monsters
  5220 | D:7      | Reached XP level 10. HP: 88/100 MP: 9/9
  5230 | D:7      | Noticed Menkaure
  5232 | D:7      | XOM: confuse monster(s)
  5243 | D:7      | Killed Menkaure
  5385 | D:7      | Reached skill level 11 in Unarmed Combat
  5390 | D:7      | XOM: polymorph hog -> warg
  5583 | D:7      | XOM: summons 1 hostile demon
  5680 | D:7      | XOM: summons 1 hostile demon
  5717 | D:8      | Found an iron altar of Okawaru.
  5995 | D:8      | Found an opulent altar of Gozag.
  6068 | D:8      | XOM: noise
  6278 | D:8      | Lost mutation: You have large cloven feet. [potion of cure mutation]
  6278 | D:8      | Lost mutation: You are very clumsy. (Dex -4) [potion of cure mutation]
  6278 | D:8      | Lost mutation: You occasionally shout uncontrollably at your foes. [potion of cure mutation]
  6278 | D:8      | Lost mutation: You are covered in thick fur. (AC +2) [potion of cure mutation]
  6278 | D:8      | Lost mutation: You are clumsy. (Dex -2) [potion of cure mutation]
  6292 | D:8      | Found a burning altar of Makhleb.
  6399 | D:8      | XOM: noise
  6489 | D:9      | Found a staircase to the Lair.
  6489 | D:9      | Noticed an elephant
  6499 | D:9      | Killed an elephant
  6558 | Lair:1   | Entered Level 1 of the Lair of Beasts
  6610 | Lair:1   | Noticed a spiny frog
  6611 | Lair:1   | XOM: summons friendly quasit
  6617 | Lair:1   | Killed a spiny frog
  6624 | Lair:1   | Found a labyrinth entrance.
  6654 | Lab      | Entered a labyrinth
  6762 | Lab      | Noticed Aksej's ghost (journeyman DsFi)
  6766 | Lab      | XOM: summons friendly quasit
  6774 | Lab      | Killed Aksej's ghost
  6774 | Lab      | Reached skill level 12 in Unarmed Combat
  6874 | Lab      | XOM: cast spell 'Necromutation'
  6913 | Lab      | XOM: 3-stop teleportation journey
  7064 | Lab      | XOM: give mutations
  7064 | Lab      | Gained mutation: Scrolls take you a little longer to read. [Xom's mischief]
  7064 | Lab      | Lost mutation: Scrolls take you a little longer to read. [Xom's mischief]
  7064 | Lab      | Gained mutation: You are frail. (-10% HP) [Xom's mischief]
  7064 | Lab      | Gained mutation: You are very frail. (-20% HP) [Xom's mischief]
  7090 | Lab      | Noticed a minotaur
  7094 | Lab      | XOM: smoke on damage
  7099 | Lab      | HP: 1/81 [minotaur/rod of inaccuracy (10)]
  7100 | Lab      | XOM: butterfly on damage
  7101 | Lab      | Identified a +7 rod of inaccuracy (2/11)
  7101 | Lab      | Slain by a minotaur

Skill      XL: |  1  2  3  4  5  6  7  8  9 10 |
---------------+-------------------------------+-----
Dodging        | 2 |  2.7
Unarmed Combat | 4 5 6 7 9 10 12 | 12.2
Fighting       | 3 4 5 6 7 |  7.3
Armour         | 1 2 4 5 6 |  6.5

Action                   |  1- 3 |  4- 6 |  7- 9 | 10-12 || total
-------------------------+-------+-------+-------+-------++-------
Melee: Unarmed           |    81 |   103 |   303 |   192 ||   679
       Kick              |     4 |    26 |    77 |    32 ||   139
       Peck              |     4 |    12 |    46 |    26 ||    88
       Punch             |     1 |     1 |    10 |     7 ||    19
Evoke: Wand              |       |       |       |     1 ||     1
  Use: Potion            |       |     6 |     2 |     3 ||    11
       Scroll            |       |       |       |    10 ||    10
 Stab: Distracted        |       |       |       |     1 ||     1
       Confused          |       |       |       |     1 ||     1
  Eat: Chunk             |     9 |    15 |    32 |    14 ||    70
Armor: Robe              |    28 |     4 |       |       ||    32
       Swamp dragon scal |       |    27 |   187 |    94 ||   308
       Skin              |       |       |     5 |       ||     5
Dodge: Dodged            |    39 |    41 |   153 |    77 ||   310
